 Dungeon Crawl Stone Soup version 0.19.5 (webtiles) character file.

77 miragecloak the Cudgeler (level 4, 0/35 HPs)
             Began as a Formicid Abyssal Knight on May 3, 2017.
             Was a Follower of Lugonu.
             Slain by a kobold
             ... wielding a +0 short sword
              (5 damage)
             ... on level 2 of the Dungeon.
             The game lasted 00:01:25 (1593 turns).

miragecloak the Cudgeler (Formicid Abyssal Knight)  Turns: 1593, Time: 00:01:26

Health: 0/35       AC:  1    Str: 17    XL:     4   Next: 58%
Magic:  5/5        EV: 11    Int: 11    God:    Lugonu [*.....]
Gold:   71         SH:  0    Dex: 11    Spells: 0 memorised, 3 levels left

rFire  . . .     SeeInvis +     a - +1 mace
rCold  . . .     Gourm    .     m - -2 leather armour (curse)
rNeg   . . .     Faith    .     (no shield)
rPois  .         Spirit   .     (helmet unavailable)
rElec  .         Reflect  .     (no cloak)
rCorr  .         Harm     .     (no gloves)
MR     .....                    (no boots)
Stlth  +.........               (no amulet)
                                (no ring)
                                (no ring)

@: lethally poisoned (0 -> -3)
A: permanent stasis, dig shafts and tunnels, four strong arms, antennae 3
a: Dig, Shaft Self, Depart the Abyss, Renounce Religion


You were on level 2 of the Dungeon.
You worshipped Lugonu.
Lugonu was aware of your devotion.
You were not hungry.

You visited 1 branch of the dungeon, and saw 2 of its levels.
You visited the Abyss 1 time.

You collected 71 gold pieces.

Inventory:

Hand Weapons
 a - a +1 mace (weapon)
Armour
 b - a +0 leather armour
 m - a cursed -2 leather armour (worn)
Scrolls
 e - a scroll of teleportation {unknown}
 g - a scroll of amnesia {unknown}
 h - a scroll of fog {unknown}
 j - a scroll of blinking {unknown}
 k - a scroll of identify {unknown}
Potions
 d - a potion of mutation {unknown}
 f - 2 potions of curing {unknown}
 i - a potion of invisibility {unknown}
Comestibles
 c - 4 bread rations
 l - a beef jerky
 n - a meat ration


   Skills:
 - Level 3.2 Fighting
 + Level 4.4 Maces & Flails
 - Level 2.1 Armour
 - Level 0.8 Dodging
 - Level 2.1 Invocations


You had 3 spell levels left.
You didn't know any spells.

Dungeon Overview and Level Annotations

Branches:
Dungeon (2/15)

Altars:
Gozag
Uskayaw

Annotations:
D:2 1 runed door


Innate Abilities, Weirdness & Mutations

You are under a permanent stasis effect.
You can dig through walls and to a lower floor.
Your four strong arms can wield two-handed weapons with a shield.
You have a pair of large antennae on your head. (SInv)


Message History

The adder is moderately wounded.
The adder barely misses you. The kobold hits you with a short sword.
The adder barely misses you.
You hit the adder.
The adder is heavily wounded.
The adder bites you.
You are poisoned.
The adder poisons you! The kobold hits you with a short sword.
You closely miss the adder.
The adder is heavily wounded.
You feel sick. The adder closely misses you. The kobold barely misses you.
The adder bites you.
You hit the adder.
The adder is almost dead.
You feel sick. The adder bites you.
* * * LOW HITPOINT WARNING * * *
The kobold hits you with a short sword.
* * * LOW HITPOINT WARNING * * *
The kobold hits you with a short sword.
You die...

...##...........#.#.........
#####...........#.#.........
#...........#.#.........
#.............#.........
#########'#..........†...$.#
..........#..###..#........#
..........#..#.....!........
..........#..#..............
..........#..#..@...........
..........# +.KS...........
..#######.# #...........###
..# #... +...>.......# ..#
...##...........# ..#
#####...........# ..#
+........>.. ..# #..........
###


You could see an adder and a kobold.

Vanquished Creatures
  Ijyb (D:2)
  2 worms (D:2)
  2 dart slugs (D:1)
  3 giant cockroaches
  6 goblins
  4 hobgoblins (D:1)
  2 jackals (D:1)
  5 kobolds
  8 bats
  5 frilled lizards
  2 rats
40 creatures vanquished.

Notes
Turn   | Place    | Note
-------+----------+-------------------------------------------
     0 | Abyss:1  | miragecloak the Formicid Abyssal Knight began the quest for the Orb.
     0 | Abyss:1  | Reached XP level 1. HP: 18/18 MP: 2/2
    20 | Abyss:1  | Found a blossoming altar of Fedhas.
    58 | Abyss:1  | Noticed a raiju
    59 | D:1      | Escaped the Abyss
   164 | D:1      | Reached * piety under Lugonu
   164 | D:1      | Reached XP level 2. HP: 16/24 MP: 3/3
   318 | D:1      | Reached skill level 3 in Maces & Flails
   512 | D:1      | Reached XP level 3. HP: 22/29 MP: 4/4
  1072 | D:2      | Found an opulent altar of Gozag.
  1163 | D:2      | Noticed Ijyb
  1177 | D:2      | Killed Ijyb
  1177 | D:2      | Reached skill level 4 in Maces & Flails
  1177 | D:2      | Reached XP level 4. HP: 29/35 MP: 5/5
  1240 | D:2      | Found a runed door.
  1435 | D:2      | Found a hide-covered altar of Uskayaw.
  1593 | D:2      | Slain by a kobold

Skill      XL: |  1  2  3 |
---------------+----------+-----
Maces & Flails | 3 4 |  4.4
Fighting       | |  3.2
Armour         | |  2.1
Dodging        | |  0.8
Invocations    | |  2.1

Action                   |  1- 3 |  4- 6 || total
-------------------------+-------+-------++-------
Melee: Mace              |   109 |    22 ||   131
Invok: Depart the Abyss  |     1 |       ||     1
  Eat: Chunk             |       |     2 ||     2
Armor: Leather armour    |    44 |     3 ||    47
Dodge: Dodged            |    77 |    17 ||    94
